Map: Prion Terraces

Players

Luffy - Winner!

  • Race: Zerg Zerg
  • League: Diamond

ILLBdA

  • Race: Protoss Protoss
  • League: Diamond

VOD

Have the link to the VOD?

Description

Time

  • Played on: Dec. 15, 2015, 11:06 p.m.
  • Length: 3:24
Show
View Real Time Build Order
Export as new Build Order

Luffy Zerg - Winner!

Build Orders: Hatch First 

Get SALT Encoding   

  12  0:01  Drone  
  13  0:16  Overlord  
  13  0:17  Drone  
  14  0:34  Drone x2  
  16  0:46  Drone  
  17  0:51  Drone  
  17  0:57  Hatchery  
  17  0:59  Extractor  
  16  1:13  Drone, Spawning Pool  
  16  1:17  Drone  
  17  1:23  Drone  
  18  1:31  Overlord  
  18  1:44  Drone  
  19  2:01  Queen  
  21  2:02  Metabolic Boost  
  21  2:08  Queen  
  21  2:10  Zergling x4  
  21  2:11  Drone  
  26  2:16  Drone  
  26  2:19  Drone  
  28  2:25  Drone  
  29  2:32  Zergling x2  
  29  2:36  Spine Crawler  
  29  2:40  Zergling x2  
  29  2:41  Zergling x2  
  30  2:46  Zergling x2  
  30  2:48  Spine Crawler  
  24  2:51  Zergling x2  
  24  2:58  Zergling x2  
  22  3:03  Zergling x2  
Show
View Real Time Build Order
Export as new Build Order

ILLBdA Protoss 

Build Orders:  

Get SALT Encoding   

  12  0:05  Probe (Chrono Boost)  
  13  0:15  Probe (Chrono Boost)  
  14  0:26  Probe (Chrono Boost)  
  15  0:33  Pylon  
  15  0:52  Gateway  
  15  0:53  Gateway  
  15  0:58  Gateway  
  15  1:08  Gateway  
  15  1:26  Pylon  
  15  1:43  Zealot x2 (Chrono Boost)  
  21  1:47  Zealot (Chrono Boost)  
  21  1:55  Zealot (Chrono Boost)  
  21  1:57  Pylon  
  27  2:10  Zealot (Chrono Boost)  
  27  2:12  Zealot (Chrono Boost)  
  27  2:26  Zealot (Chrono Boost)  
  27  2:29  Pylon  
  35  2:45  Zealot (Chrono Boost)  
  35  2:46  Zealot (Chrono Boost)  
  35  2:48  Zealot (Chrono Boost)  
  31  2:52  Zealot (Chrono Boost)  
Tags
 
Matchup
PvZ
Replay Pack
me
Add a new tag
Caveats
  • Supply blocks, unpowered buildings, or Contaminate may cause inaccurate times.
  • Supply counts are checked every 10 seconds.